 Dungeon Crawl Stone Soup version 0.28-a0-514-g0d7ab7f379 (webtiles) character file.

Game seed: 14657501283034231321

144 varam the Magician (level 5, -7/42 HPs)
             Began as a Naga Hedge Wizard on Sept 22, 2021.
             Was an Initiate of Hepliaklqana.
             Mangled by a gnoll (9 damage)
             ... on level 3 of the Dungeon.
             The game lasted 00:15:16 (4244 turns).

varam the Magician (Naga Hedge Wizard)              Turns: 4244, Time: 00:15:16

Health: -7/42      AC:  2    Str: 13    XL:     5   Next: 27%
Magic:  8/10       EV: 10    Int: 15    God:    Hepliaklqana [......]
Gold:   115        SH:  0    Dex: 10    Spells: 4/11 levels left

rFire   . . .      SeeInvis +   i - +0 spear
rCold   . . .      Faith    .   (no shield)
rNeg    . . .      Spirit   .   b - +0 robe
rPois   +          Reflect  .   c - +0 hat
rElec   .          Harm     .   (no cloak)
rCorr   .          Rampage  .   (no gloves)
Will    .....                   (no barding)
Stlth   ++........              (no amulet)
HPRegen 0.14/turn               (no ring)
MPRegen 0.12/turn               (no ring)

@: brilliant, very slow
A: AC +1, large, see invisible, deformed body, poison resistance, slowness 2,
spit poison 1, naga tail 1
a: Spit Poison, Renounce Religion


You were on level 3 of the Dungeon.
You worshipped Hepliaklqana.
Hepliaklqana was noncommittal.
You visited 1 branch of the dungeon, and saw 4 of its levels.

You collected 115 gold pieces.

Inventory:

Hand Weapons
 a - a +0 dagger
 i - a +0 spear (weapon)
   (You found it on level 2 of the Dungeon)
Armour
 b - a +0 robe (worn)
 c - a +0 hat (worn)
Scrolls
 d - 4 scrolls of immolation
 e - a scroll of torment {unknown}
 f - a scroll of magic mapping {unknown}
 g - a scroll of fog {unknown}
 k - 2 scrolls of teleportation {unknown}
 l - a scroll of enchant weapon {unknown}
 n - a scroll of silence {unknown}
 o - a scroll of identify {unknown}
Potions
 h - a potion of cancellation {unknown}
 j - a potion of curing {unknown}


   Skills:
 - Level 2.0 Dodging
 - Level 3.0 Stealth
 + Level 3.8 Spellcasting
 * Level 3.3 Conjurations
 - Level 1.0 Summonings
 - Level 1.0 Translocations
 + Level 2.2 Poison Magic


You had 4 spell levels left.
You knew the following spells:

 Your Spells              Type           Power      Damage    Failure   Level
a - Magic Dart            Conj           76%        1d6       4%          1
b - Mephitic Cloud        Conj/Pois/Air  12%        N/A       26%         3
c - Conjure Flame         Conj/Fire      11%        6-21      28%         3

Your spell library contained the following spells:

 Spells                   Type           Power      Damage    Failure   Level
 Sting                    Tmut/Pois      36%        1d4       12%         1
 Poisonous Vapours        Pois/Air       18%        N/A       17%         2
 Blink                    Tloc           N/A        N/A       19%         2
 Call Imp                 Summ           8%         N/A       19%         2
 Slow                     Hex            4%         N/A       28%         2
 Olgreb's Toxic Radiance  Pois           14%        N/A       58%         4
 Iskenderun's Battlesphe  Conj           19%        2d7       78%         5
 Iron Shot                Conj/Erth      5%         9d2       100%        6
 Spellforged Servitor     Conj/Summ      7%         N/A       100%        7


Dungeon Overview and Level Annotations

Branches:
Dungeon (4/15)
 Temple: D:4-7

Altars:
Ashenzari
Gozag
Hepliaklqana
Trog
Wu Jian

Shops:
D:3 [


Innate Abilities, Weirdness & Mutations

Your serpentine skin is tough. (AC +1)
You have supernaturally acute eyesight. (SInv)
Armour fits poorly on your strangely shaped body.
Your system is resistant to poisons. (rPois)
You cover ground very slowly.
You can spit poison.
You have a snake-like lower body.


Message History

3 gnolls come into view.
A gnoll is wielding a +1 dagger of venom.
The gnoll shouts! x2
Casting: Magic Dart (safe; 4% risk of failure)
Confirm with . or Enter, or press ? or * to list all spells.
Okay, then.
The gnoll hits you with a +4 flail. The gnoll closely misses you.
There is an open door here.
The gnoll hits you with a +4 flail. The gnoll barely misses you.
There is an open door here.
The gnoll hits you with a +4 flail!
There is a stone staircase leading up, spattered with blood here.
The gnoll hits you with a +4 flail.
You hear a distant slurping noise.
You climb upwards.
There is a stone staircase leading down here.
Casting: Magic Dart (safe; 4% risk of failure)
Confirm with . or Enter, or press ? or * to list all spells.
Aiming: Magic Dart (safe; 4% risk of failure)
Press: ? - help, Shift-Dir - straight line, f - gnoll
Aim: a gnoll, wielding a +4 flail (100% to hit)
The magic dart hits the gnoll.
The gnoll is heavily wounded.
The gnoll closely misses you.
Casting: Magic Dart (safe; 4% risk of failure)
Confirm with . or Enter, or press ? or * to list all spells.
Aiming: Magic Dart (safe; 4% risk of failure)
Press: ? - help, Shift-Dir - straight line, f/p - gnoll
Aim: a gnoll, wielding a +4 flail (moderately wounded, 100% to hit)
The magic dart hits the gnoll but does no damage.
The gnoll is moderately wounded.
The gnoll hits you with a +4 flail!
* * * LOW HITPOINT WARNING * * *
Okay, then.
It was a potion of brilliance.
You feel clever all of a sudden. The gnoll hits you with a +4 flail!
You die...

.#.##.##
#.#########..###8#####..
.#.....###....)..# ##..####
##..# .#.......#.#####.##
##...####..##
.#.###.#..∩.......# ##.......##
.#.# #.###.#......# ##.##.#####
.#.###.# #........# #.#.......
.#.....# ##.......# #.#...#.##
.##########.......# #.##......
..#.............@.# #.#....##.
###.#######......g# #.#.#..#..
# #.# #...........# #.#..###..
<.#.# #.###..#.#### #.#.#...#.
#.#.# #.# #.##..#
######.##⌠.8..#
#.###'###'###'###......###..8.#
#.#..#.......#..#####.#⌠#_#...#
#.#..#.......#..### ##...#∩#⌠#.
#.'..+###'###'..+.# #.8..#####


You could see a gnoll.

Vanquished Creatures
  2 bullfrog zombies (D:3)
  2 adders (D:3)
  A worm (D:2)
  A dart slug (D:2)
  4 endoplasms
  3 giant cockroaches
  4 goblins
  7 hobgoblins
  4 jackals (D:1)
  A kobold (D:3)
  3 quokkas
  4 ball pythons (D:3)
  6 bats
  4 frilled lizards
  12 rats
58 creatures vanquished.

Notes
Turn   | Place    | Note
-------+----------+-------------------------------------------
     0 | D:1      | varam the Naga Hedge Wizard began the quest for the Orb.
     0 | D:1      | Reached XP level 1. HP: 15/15 MP: 4/4
   139 | D:1      | Reached XP level 2. HP: 22/22 MP: 6/6
   763 | D:1      | Reached XP level 3. HP: 21/28 MP: 0/7
  1074 | D:1      | Learned a level 3 spell: Mephitic Cloud
  1695 | D:2      | Found a hazy altar of Hepliaklqana.
  1705 | D:2      | Became a worshipper of Hepliaklqana the Forgotten
  1914 | D:2      | Learned a level 3 spell: Conjure Flame
  3023 | D:3      | Found a faded altar of an unknown god.
  3045 | D:3      | Found a broken altar of Ashenzari.
  3045 | D:3      | Found an ornate altar of the Wu Jian Council.
  3046 | D:3      | Found an opulent altar of Gozag.
  3068 | D:3      | Reached skill level 1 in Poison Magic
  3068 | D:3      | Reached XP level 4. HP: 22/36 MP: 2/9
  3438 | D:3      | Found Nowit's Antique Armour Emporium.
  3541 | D:3      | Found a bloodstained altar of Trog.
  3775 | D:3      | Reached XP level 5. HP: 26/42 MP: 1/10
  4243 | D:3      | HP: 2/42 [gnoll (17)]
  4244 | D:3      | Mangled by a gnoll

Illustrated notes

Levels and vault maps discovered:
D:1:      wander_arrival_estate, layout_basic
D:2:      layout_loops_ring, basic_altar, roderic_lattice_a
D:3:      layout_basic, mainiacjoe_overflow_24_doors,
          gammafunk_temple_overflow_claw, serial_shops, nicolae_shop_crystal,
          shapermc_ecumenical_altar_venn
D:4:      layout_gridville, minmay_surrounded

Skill      XL: |  1  2  3  4 |
---------------+-------------+-----
Dodging        | 2 |  2.0
Conjurations   | 2 3 |  3.3
Poison Magic   | 1 2 |  2.2
Stealth        | |  3.0
Spellcasting   | |  3.8
Summonings     | |  1.0
Translocations | |  1.0

Action                   |  1- 3 |  4- 6 || total
-------------------------+-------+-------++-------
Melee: Dagger            |    86 |       ||    86
       Spear             |    39 |    15 ||    54
 Cast: Magic Dart        |    48 |    48 ||    96
 Abil: Spit Poison       |       |     2 ||     2
  Use: Scroll            |       |     1 ||     1
       Potion            |       |     1 ||     1
 Stab: Sleeping          |    10 |     1 ||    11
Armor: Robe              |    21 |     9 ||    30
Dodge: Dodged            |    70 |    21 ||    91

Table legend: (Time is in decaauts)
 A = Elapsed time spent in this place.
 B = Non-inter-level travel time spent in this place.
 C = Inter-level travel time spent in this place.
 D = Time resting spent in this place.
 E = Time spent auto-exploring this place.
 F = Levels seen in this place.
 G = Mean time per level.
                   A        B        C        D        E       F      G
               +--------+--------+--------+--------+--------+-----+--------+
         Total |   5170 |   5009 |    161 |    732 |   2968 |   4 | 1292.5 |
       Dungeon |   5170 |   5009 |    161 |    732 |   2968 |   4 | 1292.5 |
               +--------+--------+--------+--------+--------+-----+--------+

Top non-repeatable levels by time:
     D:2: 1914 daAuts
     D:3: 1664 daAuts
     D:1: 1546 daAuts
     D:4: 45 daAuts
